 Dungeon Crawl Stone Soup version 0.29.1-15-g9cfb28693d (webtiles) character file.

Game seed: 13908382574183892810

126 Peloso the Covered (level 4, 0/41 HPs)
             Began as a Minotaur Fighter on Feb 25, 2023.
             Killed by divine providence
             ... invoked by an orc priest
              (12 damage)
             ... on level 3 of the Dungeon.
             The game lasted 00:04:24 (2350 turns).

Peloso the Covered (Minotaur Fighter)               Turns: 2350, Time: 00:04:24

Health: 0/41       AC: 13    Str: 20    XL:     4   Next: 83%
Magic:  3/3        EV:  6    Int:  5    God:
Gold:   114        SH:  5    Dex: 12    Spells: 3/3 levels left

rFire   . . .      SeeInvis .   a - +1 long sword
rCold   . . .      Faith    .   d - +0 buckler
rNeg    . . .      Spirit   .   c - +1 plate armour
rPois   .          Reflect  .   (helmet restricted)
rElec   .          Harm     .   (no cloak)
rCorr   .          Rampage  .   (no gloves)
Will    .....                   (no boots)
Stlth   ..........              (no amulet)
HPRegen 0.13/turn               (no ring)
MPRegen 0.08/turn               (no ring)

@: no status effects
A: horns 2, retaliatory headbutt
a: no special abilities


You were on level 3 of the Dungeon.
You visited 1 branch of the dungeon, and saw 3 of its levels.

You collected 114 gold pieces.

Inventory:

Hand Weapons
 a - a +1 long sword (weapon)
Armour
 b - a +0 scale mail
 c - a +1 plate armour (worn)
 d - a +0 buckler (worn)
Scrolls
 i - a scroll of summoning {unknown}
 k - a scroll of identify
Potions
 e - a potion of heal wounds {unknown}
 f - a potion of mutation
 g - a potion of flight {unknown}
 h - a potion of attraction {unknown}
 j - 2 potions of might
 o - 2 potions of curing


   Skills:
 + Level 4.3 Fighting
 + Level 3.8 Long Blades
 + Level 4.6 Armour
 + Level 1.0 Dodging
 + Level 4.4 Shields


You had 3 spell levels left.
You didn't know any spells.
Your spell library contained the following spells:

 Spells                   Type           Power      Damage    Failure   Level
 Dispel Undead            Necr           0%         3d6       100%        4
 Agony                    Necr           0%         N/A       100%        5
 Borgnjor's Vile Clutch   Necr/Erth      0%         N/A       100%        5


Dungeon Overview and Level Annotations

Branches:
Dungeon (3/15)

Altars:
Yredelemnul


Innate Abilities, Weirdness & Mutations

You have a pair of horns on your head.
You reflexively headbutt those who attack you in melee.


Message History

Unknown command.
You barely miss the orc.
The orc is heavily wounded.
The orc hits you but does no damage. x2; The orc closely misses you.
The orc hits you but does no damage. The orc hits you with a +0 morningstar!
The orc hits you but does no damage. You block the orc priest's attack.
Unknown command.
The orc attacks as you move away! The orc barely misses you.
You block the orc's attack. The orc attacks as you move away!
You block the orc's attack. The orc attacks as you move away!
The orc barely misses you. The orc completely misses you.
You furiously retaliate!
You headbutt the orc.
You kill the orc!
The orc attacks as you move away! The orc hits you with a +0 morningstar.
The orc priest mumbles some strange prayers to Beogh against you.
Beogh smites you!
* * * LOW HITPOINT WARNING * * *
The orc attacks as you move away! The orc hits you but does no damage.
Okay, then.
You feel better. The orc barely misses you. The orc attacks as you move away!
The orc hits you but does no damage. The orc attacks as you move away!
The orc closely misses you.
The orc priest looks satisfied for a moment.
The orc attacks as you move away! The orc hits you but does no damage.
The orc attacks as you move away! You block the orc's attack.
The orc attacks as you move away! The orc hits you but does no damage.
The orc attacks as you move away! The orc barely misses you.
You furiously retaliate!
You headbutt the orc!
You kill the orc!
The orc attacks as you move away! The orc hits you with a +0 morningstar.
* * * LOW HITPOINT WARNING * * *
The orc attacks as you move away! The orc barely misses you.
The orc attacks as you move away! You block the orc's attack.
The orc priest invokes the aid of Beogh against you.
Pain shoots through your body!
* * * LOW HITPOINT WARNING * * *
You feel better. You block the orc's attack.
The orc priest calls down the wrath of Beogh upon you.
Beogh smites you!
You die...

....# #.......###### #...#
≈≈≈.###............#######...#
..≈.'.........####...........#
_.≈('.#...........#######....#
..≈.'.#......................####
≈≈≈.###......)....########......#
....# ######.†....###### #......#
##### ###<)...>...###......#
##.).@..### ..........
#.......##########.#.#
#....#....o#...#...##.#..
....####.................. ....
####..............# ..#
#...o........... ..
#.............#. ##........)...#.
#.............#.


You could see an orc priest and an orc.

Vanquished Creatures
  A jelly (D:3)
  Robin (D:2)
  2 adders
  A dart slug (D:1)
  4 orcs (D:3)
  3 ball pythons (D:1)
  4 endoplasms
  3 giant cockroaches
  13 goblins
  4 hobgoblins (D:2)
  3 quokkas
  3 frilled lizards
  7 kobolds
  5 rats
54 creatures vanquished.

Notes
Turn   | Place    | Note
-------+----------+-------------------------------------------
     0 | D:1      | Peloso the Minotaur Fighter began the quest for the Orb.
     0 | D:1      | Reached XP level 1. HP: 19/19 MP: 0/0
    64 | D:1      | Reached XP level 2. HP: 10/27 MP: 1/1
   255 | D:1      | Got Kikubaaqudgha's Spellbook of Unhallowed Rituals
   387 | D:1      | Found a faded altar of an unknown god.
   729 | D:2      | Reached XP level 3. HP: 14/33 MP: 2/2
  1557 | D:3      | Noticed Robin
  1883 | D:2      | Killed Robin
  1884 | D:2      | Reached XP level 4. HP: 38/40 MP: 3/3
  1886 | D:2      | Reached skill level 1 in Dodging
  1910 | D:3      | HP: 2/40 [acid (5)]
  2245 | D:3      | Found a basalt altar of Yredelemnul.
  2327 | D:3      | HP: 1/41 [orc priest/divine providence (16)]
  2343 | D:3      | HP: 1/41 [orc priest/nerve-wracking pain (7)]
  2350 | D:3      | Killed from afar by an orc priest

Illustrated notes

Levels and vault maps discovered:
D:1:      evilmike_arrival_plus, layout_rooms, chequers_ecumenical_altar_simple
D:2:      layout_loops_ring
D:3:      layout_rooms, mainiacjoe_overflow_alcove_4, tso_metal_star,
          lemuel_coloured_pillars_altar, uniq_robin

Skill      XL: |  1  2  3  4 |
---------------+-------------+-----
Armour         | 4 |  4.6
Fighting       | 4 |  4.3
Shields        | 4 |  4.4
Long Blades    | 3 |  3.8
Dodging        | 1 |  1.0

Action                   |  1- 3 |  4- 6 || total
-------------------------+-------+-------++-------
Melee: Long sword        |    88 |    27 ||   115
       Headbutt          |     9 |     4 ||    13
  Use: Scroll            |     7 |       ||     7
       Potion            |     2 |     2 ||     4
Armor: Scale mail        |    31 |       ||    31
       Plate armour      |    46 |    22 ||    68
Dodge: Dodged            |    33 |    14 ||    47
Block: Buckler           |    30 |    14 ||    44
